SAAA
TREMONT DOUBLEDAYS @ BAY CITY BOMBERS
06/14/2018
 
TOP OF THE 1ST
Tremont Doubledays batting - Pitching for Bay City Bombers : RHP Jim Unknown
Pitching: RHP Jim Unknown
Batting: RHB Claudio Mendoza 0-0: Ball
1-0: Called Strike
1-1: Called Strike
1-2: Foul Ball, location: 2F
1-2: Strikes out looking
Batting: LHB Zachary Pullen 0-0: Ball
1-0: Ball
2-0: Ball
3-0: Called Strike
3-1: Swinging Strike
3-2: Base on Balls
Batting: RHB Kazunori Ito 0-0: SINGLE (Line Drive, 56)
Zachary Pullen to second
Batting: SHB Carroll Kline 0-0: 3-RUN HOME RUN (Flyball, 9D), Distance : 374 ft
Batting: RHB Roy Clay 0-0: Called Strike
0-1: Ball
1-1: Ball
2-1: Foul Ball, location: 2F
2-2: Fly out, F7 (Flyball, 7D)
Batting: RHB Floyd Banks 0-0: Foul Ball, location: 2F
0-1: Ball
1-1: SINGLE (Groundball, 4MD)
Batting: RHB Chip Teague 0-0: Ball
1-0: Ball
2-0: Fly out, F9 (Flyball, 9S)
Top of the 1st over - 3 run(s), 3 hit(s), 0 error(s), 1 left on base; Tremont 3 - Bay City 0
BOTTOM OF THE 1ST
Bay City Bombers batting - Pitching for Tremont Doubledays : LHP Allan Strawson
Pitching: LHP Allan Strawson
Batting: RHB Shaun Bowles 0-0: Called Strike
0-1: Ball
1-1: Foul Ball, location: 2F
1-2: Ball
2-2: Ball
3-2: Strikes out swinging
Batting: SHB Jim Unknown 0-0: Swinging Strike
0-1: Swinging Strike
0-2: Strikes out swinging
Batting: RHB Millard Watson 0-0: Ball
1-0: Ball
2-0: Foul Ball, location: 2F
2-1: Fly out, F8 (Flyball, 8LXD)
Bottom of the 1st over - 0 run(s), 0 hit(s), 0 error(s), 0 left on base; Tremont 3 - Bay City 0
TOP OF THE 2ND
Tremont Doubledays batting - Pitching for Bay City Bombers : RHP Jim Unknown
Batting: LHB Daniel Clark 0-0: Foul Ball, location: 2F
0-1: Called Strike
0-2: Foul Ball, location: 2F
0-2: Ball
1-2: Ball
2-2: Strikes out looking
Batting: RHB Steve Robinson 0-0: Called Strike
0-1: Called Strike
0-2: Foul Ball, location: 2F
0-2: Ball
1-2: SINGLE (Line Drive, 89S)
Batting: RHB Claudio Mendoza 0-0: Ball
1-0: Called Strike
1-1: Ball
2-1: Foul Ball, location: 2F
2-2: Ball
3-2: Fielders Choice at 2nd, 1-6 (Groundball, 23)
Batting: LHB Zachary Pullen 0-0: Ball
1-0: Ball
2-0: Foul Ball, location: 2F
2-1: Ball
3-1: Base on Balls
Claudio Mendoza to second
Batting: RHB Kazunori Ito 0-0: Ball
1-0: Ground out 4-3 (Groundball, 4)
Top of the 2nd over - 0 run(s), 1 hit(s), 0 error(s), 2 left on base; Tremont 3 - Bay City 0
BOTTOM OF THE 2ND
Bay City Bombers batting - Pitching for Tremont Doubledays : LHP Allan Strawson
Batting: RHB Luis Díaz 0-0: Ball
1-0: Ball
2-0: Ball
3-0: Called Strike
3-1: Base on Balls
Batting: SHB Stephen Fraven 0-0: Called Strike
0-1: Ball
1-1: Ball
2-1: Swinging Strike
2-2: Foul Ball, location: 2F
2-2: Foul Ball, location: 2F
Balk!
Luis Díaz to second
2-2: SINGLE (Flyball, 9S)
Luis Díaz to third
Batting: LHB Guy Riley 0-0: Grounds into double play, 6-4-3 (Groundball, 6)
Luis Díaz scores
Batting: RHB Jim Unknown 0-0: Swinging Strike
0-1: Called Strike
0-2: Ball
1-2: Foul Ball, location: 2F
1-2: Strikes out looking
Bottom of the 2nd over - 1 run(s), 1 hit(s), 0 error(s), 0 left on base; Tremont 3 - Bay City 1
TOP OF THE 3RD
Tremont Doubledays batting - Pitching for Bay City Bombers : RHP Jim Unknown
Batting: SHB Carroll Kline 0-0: Ball
1-0: Swinging Strike
1-1: Called Strike
1-2: Ball
2-2: Foul Ball, location: 2F
2-2: SINGLE (Line Drive, 6MD)
Batting: RHB Roy Clay 0-0: Ball
1-0: Ball
2-0: 2-RUN HOME RUN (Flyball, 78XD), Distance : 431 ft
Batting: RHB Floyd Banks 0-0: Called Strike
0-1: Fly out, F7 (Flyball, 7M)
Batting: RHB Chip Teague 0-0: Fly out, F6 (Popup, 6D)
Batting: LHB Daniel Clark 0-0: Ball
1-0: Called Strike
1-1: Ball
2-1: Called Strike
2-2: Ball
3-2: Fly out, F5 (Popup, 15)
Top of the 3rd over - 2 run(s), 2 hit(s), 0 error(s), 0 left on base; Tremont 5 - Bay City 1
BOTTOM OF THE 3RD
Bay City Bombers batting - Pitching for Tremont Doubledays : LHP Allan Strawson
Batting: RHB Aaron Phillips 0-0: Called Strike
0-1: Swinging Strike
0-2: Foul Ball, location: 2F
0-2: Strikes out swinging
Batting: LHB John Doyle 0-0: Ball
1-0: Called Strike
1-1: Ground out 3-1 (Groundball, 34S)
Batting: RHB Shaun Bowles 0-0: Ball
1-0: Called Strike
1-1: Ball
2-1: Fly out, F9 (Flyball, 89M)
Bottom of the 3rd over - 0 run(s), 0 hit(s), 0 error(s), 0 left on base; Tremont 5 - Bay City 1
TOP OF THE 4TH
Tremont Doubledays batting - Pitching for Bay City Bombers : RHP Jim Unknown
Batting: RHB Steve Robinson 0-0: Ball
1-0: Called Strike
1-1: Ball
2-1: Ball
3-1: SINGLE (Line Drive, 78S)
Batting: RHB Claudio Mendoza 0-0: Called Strike
0-1: Ball
1-1: Hit by Pitch
Steve Robinson to second
Batting: LHB Zachary Pullen 0-0: Called Strike
0-1: Foul Ball, location: 2F
0-2: Ball
1-2: Grounds into double play, 4-6-3 (Groundball, 34)
Steve Robinson to third
Batting: RHB Kazunori Ito 0-0: Called Strike
0-1: Ball
1-1: Ball
2-1: Ball
3-1: Fly out, F9 (Popup, 9LS)
Top of the 4th over - 0 run(s), 1 hit(s), 0 error(s), 1 left on base; Tremont 5 - Bay City 1
BOTTOM OF THE 4TH
Bay City Bombers batting - Pitching for Tremont Doubledays : LHP Allan Strawson
Batting: SHB Jim Unknown 0-0: DOUBLE (Popup, 9LS)
Batting: RHB Millard Watson 0-0: Swinging Strike
0-1: Ball
1-1: Ball
2-1: Fly out, F8 (Flyball, 8RM)
Batting: RHB Luis Díaz 0-0: Called Strike
0-1: Ground out 6-3 (Groundball, 6M)
Jim Unknown to third
Batting: SHB Stephen Fraven 0-0: Ball
1-0: Ball
2-0: Ball
3-0: Called Strike
3-1: Foul Ball, location: 2F
3-2: Base on Balls
Batting: LHB Guy Riley 0-0: Ball
1-0: Fly out, F7 (Flyball, 7M)
Bottom of the 4th over - 0 run(s), 1 hit(s), 0 error(s), 2 left on base; Tremont 5 - Bay City 1
TOP OF THE 5TH
Tremont Doubledays batting - Pitching for Bay City Bombers : RHP Jim Unknown
Batting: SHB Carroll Kline 0-0: SOLO HOME RUN (Line Drive, 7LD), Distance : 369 ft
Pitching: RHP Hollis Young
Batting: RHB Roy Clay 0-0: Ball
1-0: Called Strike
1-1: Ball
2-1: Called Strike
2-2: Fly out, F7 (Flyball, 7D)
Batting: RHB Floyd Banks 0-0: Ball
1-0: Ball
2-0: Ball
3-0: Base on Balls
Batting: RHB Chip Teague 0-0: Grounds into double play, 6-4-3 (Groundball, 6M)
Top of the 5th over - 1 run(s), 1 hit(s), 0 error(s), 0 left on base; Tremont 6 - Bay City 1
BOTTOM OF THE 5TH
Bay City Bombers batting - Pitching for Tremont Doubledays : LHP Allan Strawson
Batting: RHB Jim Unknown 0-0: Ball
1-0: Ball
2-0: Ground out 6-3 (Groundball, 6)
Batting: RHB Aaron Phillips 0-0: Ball
1-0: Ball
2-0: Called Strike
2-1: Called Strike
2-2: Foul Ball, location: 2F
2-2: Ground out 5-3 (Groundball, 5L)
Batting: LHB John Doyle 0-0: Ground out 5-3 (Groundball, 5S)
Bottom of the 5th over - 0 run(s), 0 hit(s), 0 error(s), 0 left on base; Tremont 6 - Bay City 1
TOP OF THE 6TH
Tremont Doubledays batting - Pitching for Bay City Bombers : RHP Hollis Young
Batting: LHB Daniel Clark 0-0: Called Strike
0-1: Ball
1-1: Ball
2-1: Called Strike
2-2: Strikes out swinging
Batting: RHB Steve Robinson 0-0: Foul Ball, location: 2F
0-1: Foul Ball, location: 2F
0-2: Ball
1-2: Ball
2-2: Ball
3-2: Fly out, F9 (Flyball, 89S)
Batting: RHB Claudio Mendoza 0-0: Foul Ball, location: 2F
0-1: Ground out 1-3 (Groundball, 25)
Top of the 6th over - 0 run(s), 0 hit(s), 0 error(s), 0 left on base; Tremont 6 - Bay City 1
BOTTOM OF THE 6TH
Bay City Bombers batting - Pitching for Tremont Doubledays : LHP Allan Strawson
Batting: RHB Shaun Bowles 0-0: Foul Ball, location: 2F
0-1: Ball
1-1: Ball
2-1: Foul Ball, location: 2F
2-2: Ball
3-2: Foul Ball, location: 2F
3-2: Strikes out swinging
Batting: SHB Jim Unknown 0-0: Called Strike
0-1: Called Strike
0-2: Foul Ball, location: 2F
0-2: Ball
1-2: Ball
2-2: Strikes out looking
Batting: RHB Millard Watson 0-0: Foul Ball, location: 2F
0-1: SINGLE (Line Drive, 6MD)
Batting: RHB Luis Díaz 0-0: Ball
1-0: Called Strike
1-1: Called Strike
1-2: Ball
2-2: 2-RUN HOME RUN (Flyball, 78XD), Distance : 418 ft
Batting: SHB Stephen Fraven 0-0: Ball
1-0: Ball
2-0: Foul Ball, location: 2F
2-1: Ball
3-1: Base on Balls
Batting: LHB Guy Riley 0-0: Swinging Strike
0-1: SINGLE (Line Drive, 56D)
Stephen Fraven to second
Batting: RHB Jim Unknown 0-0: Fly out, F7 (Flyball, 78M)
Bottom of the 6th over - 2 run(s), 3 hit(s), 0 error(s), 2 left on base; Tremont 6 - Bay City 3
TOP OF THE 7TH
Tremont Doubledays batting - Pitching for Bay City Bombers : RHP Hollis Young
Pitching: LHP Juan Correa
Now at C: Mito Rin
Batting: LHB Zachary Pullen 0-0: Foul Ball, location: 2F
0-1: Foul Ball, location: 2F
0-2: Foul Ball, location: 2F
0-2: Ball
1-2: SINGLE (Groundball, 5D)
Batting: RHB Kazunori Ito 0-0: Ball
1-0: Ball
2-0: Ball
3-0: Base on Balls
Zachary Pullen to second
Batting: SHB Carroll Kline 0-0: Ball
1-0: Ball
2-0: Ball
3-0: Base on Balls
Zachary Pullen to third
Kazunori Ito to second
Batting: RHB Roy Clay 0-0: Called Strike
0-1: Ball
1-1: Ball
2-1: Foul Ball, location: 2F
2-2: Foul Ball, location: 2F
2-2: Ball
3-2: SINGLE (Flyball, 6MD)
Zachary Pullen scores
Kazunori Ito to third
Carroll Kline to second
Batting: RHB Floyd Banks 0-0: Ball
1-0: Swinging Strike
1-1: Called Strike
1-2: Strikes out swinging
Batting: RHB Chip Teague 0-0: Called Strike
0-1: Called Strike
0-2: Grounds into double play, 4-6-3 (Groundball, 4)
Top of the 7th over - 1 run(s), 2 hit(s), 0 error(s), 2 left on base; Tremont 7 - Bay City 3
BOTTOM OF THE 7TH
Bay City Bombers batting - Pitching for Tremont Doubledays : LHP Allan Strawson
Batting: RHB Aaron Phillips 0-0: Ball
1-0: Ball
2-0: Called Strike
2-1: Ball
3-1: Swinging Strike
3-2: Strikes out looking
Batting: LHB John Doyle 0-0: Ball
1-0: Called Strike
1-1: Foul Ball, location: 2F
1-2: Ball
2-2: Foul Ball, location: 2F
2-2: Strikes out swinging
Batting: RHB Shaun Bowles 0-0: Foul Ball, location: 2F
0-1: Ball
1-1: Ball
2-1: Ball
3-1: Called Strike
3-2: Foul Ball, location: 2F
3-2: Foul Ball, location: 2F
3-2: Base on Balls
Pitching: LHP Jeffery Schmidt
Batting: LHB Mito Rin 0-0: Fly out, F8 (Flyball, 8LS)
Bottom of the 7th over - 0 run(s), 0 hit(s), 0 error(s), 1 left on base; Tremont 7 - Bay City 3
TOP OF THE 8TH
Tremont Doubledays batting - Pitching for Bay City Bombers : LHP Juan Correa
Batting: LHB Daniel Clark 0-0: Ball
1-0: Foul Ball, location: 2F
1-1: Ball
2-1: Foul Ball, location: 2F
2-2: Strikes out swinging
Batting: RHB Steve Robinson 0-0: Called Strike
0-1: Fly out, F8 (Flyball, 8RM)
Pitching: LHP Terry Dwyer
Batting: RHB Claudio Mendoza 0-0: Ball
1-0: Fly out, F9 (Flyball, 9LS)
Top of the 8th over - 0 run(s), 0 hit(s), 0 error(s), 0 left on base; Tremont 7 - Bay City 3
BOTTOM OF THE 8TH
Bay City Bombers batting - Pitching for Tremont Doubledays : LHP Jeffery Schmidt
Batting: RHB Millard Watson 0-0: Ball
1-0: Called Strike
1-1: Ball
2-1: Ground out 6-3 (Groundball, 6)
Batting: RHB Luis Díaz 0-0: Ball
1-0: Fly out, F9 (Flyball, 9D)
Batting: SHB Stephen Fraven 0-0: Ball
1-0: Called Strike
1-1: Ball
2-1: Ball
3-1: Called Strike
3-2: SINGLE (Groundball, 56D)
Batting: LHB Guy Riley 0-0: Foul Ball, location: 2F
0-1: Swinging Strike
0-2: Ball
1-2: Foul Ball, location: 2F
1-2: Foul Ball, location: 2F
1-2: Ball
2-2: Strikes out looking
Bottom of the 8th over - 0 run(s), 1 hit(s), 0 error(s), 1 left on base; Tremont 7 - Bay City 3
TOP OF THE 9TH
Tremont Doubledays batting - Pitching for Bay City Bombers : LHP Terry Dwyer
Pitching: LHP Jim Unknown
Batting: LHB Zachary Pullen 0-0: Ball
1-0: Called Strike
1-1: Foul Ball, location: 2F
1-2: Strikes out looking
Batting: RHB Kazunori Ito 0-0: Fly out, F9 (Popup, 89S)
Batting: SHB Carroll Kline 0-0: Ball
1-0: Swinging Strike
1-1: Ball
2-1: Called Strike
2-2: Foul Ball, location: 2F
2-2: Ball
3-2: Base on Balls
Batting: RHB Roy Clay 0-0: Ball
1-0: Foul Ball, location: 2F
1-1: Fly out, F5 (Line Drive, 5)
Top of the 9th over - 0 run(s), 0 hit(s), 0 error(s), 1 left on base; Tremont 7 - Bay City 3
BOTTOM OF THE 9TH
Bay City Bombers batting - Pitching for Tremont Doubledays : LHP Jeffery Schmidt
Batting: RHB Jim Unknown 0-0: Called Strike
0-1: Ball
1-1: Ground out 6-3 (Groundball, 6)
Batting: RHB Aaron Phillips 0-0: Ball
1-0: Called Strike
1-1: Ball
2-1: Fly out, F8 (Line Drive, 8RS)
Batting: LHB John Doyle 0-0: Called Strike
0-1: SINGLE (Line Drive, 6D)
Batting: RHB Shaun Bowles 0-0: Ball
1-0: Called Strike
1-1: Ball
2-1: DOUBLE (Line Drive, 78S)
John Doyle to third
Runner from 3rd tries for Home, SAFE, no throw or cutoff
Pitching: RHP Ramón Lara
Batting: LHB Mito Rin 0-0: Ground out 6-3 (Groundball, 6)
Bottom of the 9th over - 1 run(s), 2 hit(s), 0 error(s), 1 left on base; Tremont 7 - Bay City 4
This league is powered by Out of the Park Baseball, the baseball management simulation game for PC, Mac and Linux
Monday, May 4th, 2015 - OOTP Baseball 15.6 Build 34